 Dungeon Crawl Stone Soup version 0.31-a0-1405-g2bb1a01664 (webtiles) character file.

Game seed: 12576039951081901936

385480 Laraso the Shatterer (level 22, -2/552 (554) HPs)
             Began as an Oni Cinder Acolyte on Dec 25, 2023.
             Was a Priest of Ignis.
             Slain by a war gargoyle
             ... wielding a +0 heavy flail
              (14 damage)
             ... on level 5 of the Vaults.
             The game lasted 02:52:57 (71685 turns).

Laraso the Shatterer (Oni Cinder Acolyte)          Turns: 71685, Time: 02:52:58

HP:   -2/552 (554)  AC: 36    Str: 24    XL:     22   Next: 98%
MP:   0/38          EV: 12    Int: 33    God:    Ignis [***...]
Gold: 1931          SH:  5    Dex:  4    Spells: 2/46 levels left

rFire   . . .        a - +4 giant spiked club (heavy)
rCold   . . .        (shield currently unavailable)
rNeg    + . .        A - +5 shadow dragon scales
rPois   +            H - +2 hat of the Bear Spirit {Spirit, Bear, *Rage Will++}
rElec   +            y - +1 cloak of the Fabulous God {rPois rF- rN+ Int+6}
rCorr   .            (gloves unavailable)
SInv    .            (boots unavailable)
Will    ++++.        Y - amulet of Qatiogaagh {Reflect rElec Int+4 SH+5 Stlth-} Stlth
                     h - +5 ring of evasion
HPRegen 1.12/turn    C - +4 ring of protection
MPRegen 0.26/turn

%: random rage (20%), reflection, guardian spirit
@: berserking (expiring), corroded, fiery-armoured, lightly drained, very quick
A: large, unfitting armour, horns 1, tough skin 1, double potion healing,
drunken brawling, robust 2, MP-powered wands
}: 2/15 runes: barnacled, gossamer
a: Renounce Religion, Fiery Armour, Foxfire Swarm


You were on level 5 of the Vaults.
You worshipped Ignis.
Ignis was most pleased with you.
You visited 7 branches of the dungeon, and saw 39 of its levels.
You visited 1 bazaar.
You also visited: Ice Cave and Wizlab.

You collected 4969 gold pieces.
You spent 3038 gold pieces at shops.

Inventory:

Hand Weapons
 a - a +4 heavy giant spiked club (weapon)
 b - the +7 staff of the Meek {protect, meekguard}
   (You found it on level 2 of the Lair of Beasts)
Armour
 y - the +1 cloak of the Fabulous God (worn) {rPois rF- rN+ Int+6}
   (You acquired it on level 10 of the Dungeon)

   Int+6:     It affects your intelligence (+6).
   rF-:       It makes you vulnerable to fire.
   rPois:     It protects you from poison rN+: It protects you from negative
   energy.
 A - +5 shadow dragon scales (worn)
 H - the +2 hat of the Bear Spirit (worn) {Spirit, Bear, *Rage Will++}
   (You found it on level 3 of the Depths)

   Bear:      Going berserk makes the wearer exceptionally tough, and they are
   slowed for a shorter time afterward.
   Will++:    It greatly increases your willpower.
   *Rage:     It berserks you when you make melee attacks (+20% chance).
 J - +5 steam dragon scales
 M - a +0 hat
Jewellery
 d - the ring "Wucykean" {Fly rC+}
   (You found it on level 10 of the Dungeon)

   [ring of flight]

   rC+:       It protects you from cold.
   Fly:       It grants you flight.
 h - a +5 ring of evasion (left hand)
 i - a ring of protection from fire
 n - an amulet of regeneration
 C - a +4 ring of protection (right hand)
 D - the ring of the Original Sin {Int+5 SInv}
   (You found it on level 9 of the Dungeon)

   [ring of see invisible]

   Int+5:     It affects your intelligence (+5).
   SInv:      It lets you see invisible.
 O - a ring of wizardry
 Y - the amulet of Qatiogaagh (around neck) {Reflect rElec Int+4 SH+5 Stlth-}
   (You found it on level 4 of the Shoals)

   [amulet of reflection]

   Reflect:   It reflects blocked missile attacks.
   Int+4:     It affects your intelligence (+4).
   rElec:     It insulates you from electricity.
   SH+5:      It affects your SH (+5).
   Stlth-:    It makes you less stealthy.
 Z - a ring of resist corrosion
Wands
 j - a wand of light (11)
 r - a wand of mindburst (10)
 s - a wand of flame (96)
 B - a wand of polymorph (1)
 G - a wand of roots (29)
 Q - a wand of digging (12)
 W - a wand of charming (22)
Scrolls
 c - a scroll of revelation
 e - 3 scrolls of torment
 m - 4 scrolls of amnesia
 o - 10 scrolls of teleportation
 p - a scroll of blinking
 t - 5 scrolls of immolation
 x - 4 scrolls of silence
 P - 6 scrolls of poison
 S - 5 scrolls of vulnerability
 T - 25 scrolls of identify
 V - a scroll of fog
Potions
 f - 5 potions of haste
 g - 4 potions of brilliance
 k - 3 potions of might
 l - 6 potions of mutation
 q - 2 potions of magic
 u - 10 potions of lignification
 v - a potion of resistance
 w - 8 potions of ambrosia
 z - 6 potions of attraction
 E - a potion of invisibility
 F - 5 potions of cancellation
 I - 8 potions of heal wounds
 K - 17 potions of curing
 L - 3 potions of berserk rage
 R - 11 potions of enlightenment
Miscellaneous
 N - a condenser vane (inert)
 U - a lightning rod (4/4)
 X - a phantom mirror


   Skills:
 - Level 16.0 Fighting
 - Level 22.0 Maces & Flails
 - Level 16.0 Armour
 * Level 12.9 Spellcasting
 - Level 20.0 Hexes
 - Level 4.0 Necromancy
 - Level 7.0 Translocations
 - Level 3.0 Fire Magic
 - Level 7.0 Ice Magic
 - Level 4.0 Air Magic
 - Level 5.0 Evocations


You had 2 spell levels left.
You knew the following spells:

 Your Spells              Type           Power      Damage    Failure   Level
a - Metabolic Englaciati  Hex/Ice        42%        N/A       1%          5
b - Blink                 Tloc           100%       N/A       1%          2
c - Ozocubu's Armour      Ice            61%        N/A       1%          3
d - Yara's Violent Unrav  Hex/Alch       36%        3d15      3%          5
e - Fugue of the Fallen   Necr           47%        N/A       4%          3
f - Enfeeble              Hex            50%        N/A       1%          7
p - Discord               Hex            50%        N/A       16%         8
r - Manifold Assault      Tloc           61%        N/A       4%          4
s - Swiftness             Air            47%        N/A       4%          3
w - Cause Fear            Hex            50%        N/A       1%          4

Your spell library contained the following spells:

 Spells                   Type           Power      Damage    Failure   Level
 Jinxbite                 Hex            100%       N/A       0%          2
 Ensorcelled Hibernation  Hex/Ice        100%       N/A       1%          2
 Sublimation of Blood     Necr           47%        N/A       2%          2
 Kiss of Death            Conj/Necr      100%       2d13      3%          1
 Scorch                   Fire           82%        2d8       3%          2
 Foxfire                  Conj/Fire      100%       2x1d9     4%          1
 Static Discharge         Conj/Air       68%        3-6/arc   5%          2
 Magic Dart               Conj           84%        1d7       9%          1
 Sandblast                Erth           42%        2d11      9%          1
 Call Imp                 Summ           42%        N/A       13%         2
 Passwall                 Alch/Erth      17%        N/A       13%         2
 Confusing Touch          Hex            100%       N/A       0%          3
 Sigil of Binding         Hex            100%       N/A       0%          3
 Dazzling Flash           Conj/Hex       100%       N/A       1%          3
 Gell's Gravitas          Tloc           61%        N/A       1%          3
 Inner Flame              Hex/Fire       77%        N/A       1%          3
 Teleport Other           Tloc           61%        N/A       1%          3
 Anguish                  Hex/Necr       39%        N/A       1%          4
 Dimensional Bullseye     Hex/Tloc       42%        N/A       1%          4
 Silence                  Hex/Air        39%        N/A       1%          5
 Volatile Blastmotes      Fire/Tloc      100%       2d18      3%          3
 Summon Mana Viper        Hex/Summ       72%        N/A       3%          5
 Hailstorm                Conj/Ice       44%        3d9       6%          3
 Vhi's Electric Charge    Tloc/Air       100%       N/A       9%          4
 Mephitic Cloud           Conj/Alch/Air  30%        N/A       14%         3
 Airstrike                Air            23%        2d(4-20)  16%         4
 Animate Dead             Necr           47%        N/A       16%         4
 Dispel Undead            Necr           47%        3d18      16%         4
 Iskenderun's Mystic Bla  Conj/Tloc      44%        2d10      21%         4
 Summon Ice Beast         Ice/Summ       44%        N/A       21%         4
 Call Canine Familiar     Summ           21%        N/A       26%         3
 Stone Arrow              Conj/Erth      42%        3d9       26%         3
 Summon Lightning Spire   Summ/Air       34%        N/A       36%         4
 Flame Wave               Conj/Fire      31%        2d9       41%         4
 Agony                    Necr           47%        N/A       41%         5
 Dispersal                Tloc           30%        N/A       58%         6
 Animate Armour           Summ/Erth      42%        N/A       63%         4
 Brom's Barrelling Bould  Conj/Erth      21%        2d4       63%         4
 Fulminant Prism          Conj/Alch      10%        3d9       63%         4
 Simulacrum               Ice/Necr       27%        N/A       80%         6
 Irradiate                Conj/Alch      10%        3d15      93%         5
 Iskenderun's Battlesphe  Conj           21%        2d7       93%         5
 Plasma Beam              Fire/Air       22%        2x1d34    97%         6
 Conjure Ball Lightning   Conj/Air       17%        3x3d6     99%         6
 Bombard                  Conj/Erth      10%        9d3       100%        6
 Starburst                Conj/Fire      15%        6d6       100%        6
 Summon Cactus Giant      Summ           10%        N/A       100%        6
 Haunt                    Necr/Summ      17%        N/A       100%        7
 Monstrous Menagerie      Summ           10%        N/A       100%        7
 Spellforged Servitor     Conj/Summ      10%        N/A       100%        7
 Summon Hydra             Summ           10%        N/A       100%        7
 Disjunction              Tloc           30%        N/A       100%        8
 Ignition                 Fire           20%        3d7       100%        8
 Infestation              Necr           23%        N/A       100%        8
 Lehudib's Crystal Spear  Conj/Erth      10%        10d4      100%        8


Dungeon Overview and Level Annotations

Branches:
Dungeon (15/15)            Temple (0/1) D:5            Lair (5/5) D:11
 Shoals (4/4) Lair:3       Spider (4/4) Lair:2        Slime (0/5) Lair:4
    Orc (2/2) D:9             Elf (0/3) Orc:2        Vaults (4/5) D:14
  Crypt (0/3) Vaults:2     Depths (4/4) D:15            Zot (0/5) Depths:4
  IceCv (visited)          WizLab (visited)

Altars:
Ashenzari
Dithmenos
Elyvilon
Fedhas
Kikubaaqudgha
Nemelex Xobeh
Ru
Vehumet
Wu Jian
The Shining One
Jiyva

Shops:
D:6 ?   Orc:1 (   Orc:2 :**:   Vaults:1 =   Depths:1 *

Portals:
Hell: Depths:1 Depths:2 Depths:3 Depths:4
Abyss: Depths:3
Pandemonium: Depths:2 Depths:4
Ziggurat: Depths:3
Trove: Depths:3 (show abyssal rune of Zot)

Annotations:
Vaults:3 Sojobo
Depths:2 2 transporters


Innate Abilities, Weirdness & Mutations

You are too large for most types of armour.
You have a pair of small horns on your head.
You have tough skin. (AC +1)
You gain doubled healing and magic from potions.
Whenever you drink a healing potion, you attack all around you.
You are very robust. (+20% HP)
You expend magic power (3 MP) to strengthen your wands.


Message History

A vault warden comes into view. It is wielding a +0 war axe.
Unknown command.
You impale the golden dragon!!
The golden dragon is moderately wounded.
You hear a deafening roar!
You block the war gargoyle's attack.
The tengu reaver gestures at you while chanting.
The bolt of acid hits you!
* * * LOW HITPOINT WARNING * * *
The acid corrodes you!
The phantasmal warrior closely misses you.
The golden dragon bites you but does no damage.
The golden dragon resists.
The golden dragon is burned by your cloak of flames.
The golden dragon is moderately wounded.
The golden dragon barely misses you.
The golden dragon tramples you but does no damage.
A dread lich comes into view.
The vault warden unwields a +0 war axe.
The vault warden wields a +0 arbalest.
The vault warden shoots a bolt.
The bolt closely misses you. The war gargoyle closely misses you.
You spit the golden dragon like a pig!!!
Your headbutt misses the golden dragon.
The golden dragon is almost dead.
You hear a shout! x2
The war gargoyle launches metal splinters at you.
The spray of metal splinters hits you but does no damage.
The phantasmal warrior closely misses you.
The golden dragon bites you but does no damage.
The golden dragon completely resists.
The golden dragon claws you but does no damage.
The golden dragon tramples you.
* * * LOW HITPOINT WARNING * * *
You hold your ground!
The tengu reaver gestures at you while chanting.
The bolt of cold misses you.
The ironbound preserver mumbles some strange words.
The ironbound preserver begins to accept its allies' injuries.
The war gargoyle hits you with a +0 heavy flail!
You die...

#....#.... .
#....#... . ..
#.....p. L.
..÷#.[[.#p##p .
.....[[[§.....
##.[.§§§§.#.###
..[..§Q9§§.....
.[..<§D@9§.....
..[..§W§§[§....
...[.p§§§§.....
##..§[[[.§#####
...p..[....
...#../.#...
####....#....
#....#.....


You could see an ironbound preserver, a golden dragon (catching breath), a dread
lich (sheltered), a tengu reaver (repels missiles), a vault guard, 2 war
gargoyles and a phantasmal warrior.

Vanquished Creatures
  A dread lich (Vaults:5)
  An ancient lich (Vaults:4)
  Boris (twice) (Depths:3 Depths:4)
  Vv (Depths:3)
  Margery (Vaults:4)
  A golden dragon (Depths:4)
  Arachne (Spider:3)
  Norris (Depths:3)
  A bone dragon (Depths:4)
  A hellephant (Vaults:4)
  Mlioglotl (Spider:4)
  A walking earthen tome (Depths:3)
  A walking frostbound tome (Depths:3)
  3 tentacled monstrosities
  A sphinx (D:14)
  A titan (Vaults:5)
  2 quicksilver dragons
  Aizul (Depths:2)
  3 shadow dragons
  Kirke (D:12)
  Agnes (Spider:2)
  A draconian monk (Depths:4)
  A storm dragon (Depths:4)
  9 fire giants
  2 tengu reavers
  Louise (Spider:2)
  8 vault wardens
  3 emperor scorpions (Spider:4)
  A daeva (Depths:3)
  A draconian knight (Depths:4)
  3 ghost moths (Spider:4)
  6 frost giants
  A ghoul (Vaults:2)
  An angel (Depths:3)
  2 balrugs
  2 formless jellyfish
  3 ironbound thunderhulks
  A spriggan defender (Depths:2)
  17 ironbound preservers
  A broodmother (Spider:4)
  11 very ugly things
  15 stone giants
  4 vampire knights (Depths:3)
  A green draconian (Depths:4)
  A deep elf death mage (Vaults:4)
  2 purple draconians (Depths:4)
  A dire elephant (Vaults:3)
  Azrael (Spider:3)
  3 yellow draconians (Depths:4)
  5 spark wasps
  2 war gargoyles (Vaults:4)
  A red draconian (Depths:4)
  Snorg (D:10)
  5 fire dragons
  3 jiangshi
  A merfolk javelineer (Shoals:4)
  4 ettins
  8 yaktaur captains
  2 crystal guardians (Vaults:3)
  A deep elf high priest (Vaults:4)
  7 entropy weavers
  3 great orbs of eyes
  6 ice dragons
  7 merfolk impalers
  2 rakshasas
  2 hell beasts
  8 hydras
  12 vault guards
  6 ironbound frosthearts
  3 spriggan air magi
  A spriggan skeleton (Depths:2)
  A sphinx zombie (Depths:3)
  4 ogre magi
  3 peacekeepers
  4 merfolk avatars
  10 centaur warriors
  2 jorogumos
  4 merfolk aquamancers
  A radroach (Spider:2)
  4 boulder beetles
  The ghost of Sirjeffry24 the Cleaver, a novice HOFi of Beogh (D:9)
  6 deep troll shamans
  3 alligator snapping turtles
  A satyr (Shoals:3)
  12 two-headed ogres
  11 deep troll earth magi
  11 tengu warriors
  An occultist (Depths:1)
  6 demonic crawlers
  4 orc high priests
  4 spriggan berserkers
  4 vampire magi
  10 hell knights
  The ghost of Savior361 the Basher, a novice OnFi of Gozag (D:6)
  2 soul eaters (Depths:4)
  Sonja (D:12)
  6 sun demons
  4 spriggans
  A sixfirhy (WizLab)
  7 skeletal warriors
  6 pharaoh ants
  A spark wasp zombie (Depths:2)
  4 iron trolls
  8 skysharks
  12 orb spiders
  A storm dragon skeleton (Depths:2)
  49 deep trolls
  16 sea snakes
  A phantasmal warrior (Vaults:4)
  13 ironbound convokers
  4 glowing orange brains
  6 steelbarb worms
  8 lindwurms
  A deep elf archer (D:14)
  A deep elf pyromancer (D:13)
  A steelbarb worm (shapeshifter) (Depths:4)
  A flayed ghost (Depths:3)
  5 arcanists
  11 harpies
  4 orc knights
  3 orc sorcerers
  14 manticores
  An oklob plant (Lair:5)
  9 necromancers
  A tengu skeleton (Depths:3)
  2 fire giant zombies
  10 fauns
  A human zombie (Vaults:1)
  28 ugly things
  11 wolf spiders
  Maurice (Orc:2)
  6 cyclopes
  2 shining eyes (Depths:2)
  A salamander (Depths:2)
  20 elephants
  9 merfolk sirens
  3 ice statues (IceCv)
  9 black mambas
  9 meliai
  3 kobold blastminers (Orc:2)
  A stone giant skeleton (Vaults:1)
  A guardian serpent (D:14)
  2 rust devils (WizLab)
  The ghost of Curundu the Chopper, a novice HOBe of Trog (D:6)
  An eye of devastation (shapeshifter) (Vaults:1)
  3 water nymphs
  3 moths of wrath
  14 vault sentinels
  2 eyes of devastation (Depths:2)
  3 smoke demons
  5 torpor snails
  2 orange demons (WizLab)
  An unseen horror (D:13)
  4 rime drakes
  9 komodo dragons
  13 yaktaurs
  An anaconda simulacrum (IceCv)
  12 cane toads
  An efreet (D:13)
  A freezing wraith (IceCv)
  A yaktaur (shapeshifter) (D:15)
  A golden dragon simulacrum (Depths:3)
  4 tengu conjurers
  A hellwing (WizLab)
  7 polar bears
  26 merfolk
  8 trolls
  A wolf spider simulacrum (D:15)
  10 hornets
  A glass eye (Depths:4)
  8 dream sheep
  8 wind drakes
  11 blink frogs
  9 snapping turtles
  A spriggan zombie (Depths:2)
  22 tarantellas
  25 jumping spiders
  2 shadows
  37 slime creatures
  3 hogs
  17 culicivoras
  8 wyverns
  A fire elemental (Spider:3)
  7 basilisks
  9 water elementals
  60 yaks
  4 wraiths
  A fire bat (shapeshifter) (D:14)
  A golden eye (shapeshifter) (D:15)
  41 redbacks
  A hog (shapeshifter) (D:14)
  17 humans (D:14)
  6 vampire mosquitoes
  4 steam dragons
  2 wargs
  A death yak simulacrum (IceCv)
  Edmund (D:6)
  Duvessa (D:6)
  An acid dragon (D:11)
  4 hell hounds
  21 water moccasins
  A hydra simulacrum (IceCv)
  A sky beast (D:7)
  4 black bears
  6 ice beasts
  18 orc warriors
  5 boggarts (Vaults:1)
  2 centaurs
  11 ogres
  2 phantoms
  29 wolves
  2 kobold brigands
  A gnoll sergeant (D:7)
  25 bullfrogs
  A scorpion (D:5)
  Dowan (D:6)
  3 elephant simulacra (IceCv)
  2 electric eels
  8 howler monkeys
  A bombardier beetle (D:4)
  8 hounds
  3 jellies
  18 orc priests
  2 gnoll boudas
  5 iguanas
  A sleepcap (D:4)
  20 orc wizards
  A polar bear simulacrum (IceCv)
  5 adders
  18 gnolls
  3 white imps (D:6)
  4 ufetubi
  3 worms
  3 dart slugs
  64 orcs
  3 bats
  11 endoplasms
  4 giant cockroaches
  2 goblins
  6 hobgoblins
  4 jackals
  A quokka (D:4)
  8 ball pythons
  3 frilled lizards
  12 kobolds
  6 rats
1460 creatures vanquished.

Vanquished Creatures (collateral kills)
  An iron dragon (Depths:3)
  2 ironbound preservers
  18 vault guards (Vaults:5)
  2 deep trolls (Vaults:4)
  An ironbound convoker (Vaults:1)
24 creatures vanquished.

Vanquished Creatures (others)
  Nikola (Spider:1)
  A spark wasp (Depths:3)
  An ettin (Depths:3)
  A merfolk impaler (Shoals:4)
  3 vault guards (Vaults:5)
  A steelbarb worm (Spider:1)
  A slime creature (Vaults:1)
  2 culicivoras
  A redback (Spider:4)
  A hell hound (Spider:3)
  An orc wizard (Orc:2)
  2 starspawn tentacles (Spider:4)
16 creatures vanquished.

Grand Total: 1500 creatures vanquished

Notes
Turn   | Place    | Note
-------+----------+-------------------------------------------
     0 | D:1      | Laraso the Oni Cinder Acolyte began the quest for the Orb.
     0 | D:1      | Reached XP level 1. HP: 24/24 MP: 2/2
   229 | D:1      | Reached XP level 2. HP: 27/32 MP: 2/4
   355 | D:1      | Learned a level 2 spell: Scorch
  1227 | D:2      | Reached XP level 3. HP: 39/39 MP: 0/5
  1575 | D:2      | Learned a level 3 spell: Ozocubu's Armour
  1905 | D:3      | Reached skill level 4 in Maces & Flails
  2225 | D:3      | Reached XP level 4. HP: 48/48 MP: 0/7
  2324 | D:3      | Found a radiant altar of Vehumet.
  2610 | D:3      | Found an ornate altar of the Wu Jian Council.
  2671 | D:3      | Found a shadowy altar of Dithmenos.
  2759 | D:3      | Found a sparkling altar of Nemelex Xobeh.
  2759 | D:3      | Found an ancient bone altar of Kikubaaqudgha.
  3022 | D:4      | Reached XP level 5. HP: 54/54 MP: 4/9
  3110 | D:4      | Reached skill level 5 in Maces & Flails
  3627 | D:4      | Reached XP level 6. HP: 58/62 MP: 1/10
  3918 | D:5      | Entered Level 5 of the Dungeon
  3964 | D:5      | Noticed a black bear
  3980 | D:4      | Reached skill level 6 in Maces & Flails
  4665 | D:5      | Killed a black bear
  4666 | D:5      | Reached skill level 7 in Maces & Flails
  4666 | D:5      | Reached XP level 7. HP: 63/70 MP: 2/11
  4748 | D:5      | Found a staircase to the Ecumenical Temple.
  5054 | D:5      | Reached skill level 8 in Maces & Flails
  5326 | D:6      | Learned a level 3 spell: Fugue of the Fallen
  5590 | D:6      | Noticed Edmund
  5611 | D:6      | Killed Edmund
  5612 | D:6      | Reached XP level 8. HP: 57/78 MP: 2/12
  5758 | D:6      | Reached skill level 9 in Maces & Flails
  5814 | D:6      | Found Raxoq's Magic Scroll Shoppe.
  5942 | D:6      | Bought a scroll of identify for 22 gold pieces
  5942 | D:6      | Bought a scroll of identify for 22 gold pieces
  5942 | D:6      | Bought a scroll of enchant weapon for 82 gold pieces
  5950 | D:6      | Noticed Duvessa
  5951 | D:6      | Noticed Dowan
  6039 | D:6      | Found a runed translucent gate.
  6039 | D:6      | Found a runed translucent gate.
  6039 | D:6      | Found a runed translucent gate.
  6040 | D:6      | Noticed Savior361's ghost (novice OnFi)
  6041 | D:6      | Noticed Curundu's ghost (novice HOBe)
  6199 | D:6      | Killed Duvessa
  6200 | D:6      | Reached skill level 10 in Maces & Flails
  6203 | D:6      | Killed Dowan
  6207 | D:6      | Bought a scroll of enchant armour for 82 gold pieces
  6354 | D:6      | Reached skill level 11 in Maces & Flails
  6357 | D:6      | Noticed a wraith
  6399 | D:6      | Killed a wraith
  6400 | D:6      | Reached XP level 9. HP: 55/84 MP: 3/13
  6696 | D:6      | Reached skill level 12 in Maces & Flails
  7264 | D:6      | Killed Savior361's ghost
  7270 | D:6      | Killed Curundu's ghost
  7271 | D:6      | Reached skill level 13 in Maces & Flails
  7427 | D:7      | Reached XP level 10. HP: 51/92 MP: 2/14
  7912 | D:7      | Reached skill level 14 in Maces & Flails
  8124 | D:7      | Reached skill level 1 in Ice Magic
  8204 | D:7      | Identified the serpent talisman "Meoh" {Slay+2}
  8797 | D:8      | Learned a level 4 spell: Manifold Assault
  8923 | D:8      | Reached skill level 5 in Spellcasting
  9543 | D:9      | Reached skill level 5 in Ice Magic
  9616 | D:9      | Found a runed translucent gate.
  9616 | D:9      | Noticed a nine-headed hydra
  9617 | D:9      | Found a runed translucent gate.
  9618 | D:9      | Found a runed translucent gate.
  9619 | D:9      | Identified the +1 robe "Iqiuxef" {rN+ Dex-2 Archmagi}
  9620 | D:9      | Noticed Sirjeffry24's ghost (novice HOFi)
  9695 | D:9      | Reached XP level 11. HP: 100/100 MP: 18/20
  9991 | D:9      | Found a staircase to the Orcish Mines.
 10346 | D:9      | Found a white marble altar of Elyvilon.
 10350 | D:9      | Found a glowing golden altar of the Shining One.
 10350 | D:9      | Found a broken altar of Ashenzari.
 10355 | D:9      | Found a sacrificial altar of Ru.
 10442 | D:10     | Entered Level 10 of the Dungeon
 10456 | D:10     | Noticed Snorg
 10471 | D:10     | Killed Snorg
 10472 | D:10     | Reached skill level 1 in Necromancy
 10501 | D:10     | Noticed a two-headed ogre
 10509 | D:10     | Killed a two-headed ogre
 10684 | D:10     | Noticed a two-headed ogre
 10700 | D:10     | Killed a two-headed ogre
 10741 | D:10     | Got the Notes on Phantasmal Topology
 10765 | D:10     | Found a blossoming altar of Fedhas.
 10842 | D:10     | Found the +5 glaive of the Guard {elec, spectral}
 10842 | D:10     | Noticed a lindwurm
 10918 | D:10     | Identified a scroll of acquirement
 10943 | D:10     | Reached skill level 15 in Maces & Flails
 10989 | D:10     | Acquired the +1 cloak of the Fabulous God {rPois rF- rN+
                  | Int+6}
 11207 | D:10     | Noticed a lindwurm
 11207 | D:10     | Noticed a lindwurm
 11314 | D:11     | Reached XP level 12. HP: 107/107 MP: 18/21
 11342 | D:11     | Found a staircase to the Lair.
 11343 | D:11     | Noticed a two-headed ogre
 11359 | D:11     | Killed a two-headed ogre
 11360 | D:11     | Reached skill level 16 in Maces & Flails
 11725 | D:11     | Found a frozen archway.
 11742 | IceCv    | Entered an ice cave
 11884 | IceCv    | Reached skill level 17 in Maces & Flails
 12610 | D:11     | Learned a level 2 spell: Blink
 12625 | D:12     | Noticed Sonja
 12629 | D:12     | Killed Sonja
 13290 | D:12     | Reached skill level 18 in Maces & Flails
 13430 | D:12     | Reached skill level 1 in Translocations
 13539 | Lair:1   | Entered Level 1 of the Lair of Beasts
 13704 | Lair:1   | Reached XP level 13. HP: 101/114 MP: 19/22
 14002 | Lair:1   | Reached skill level 5 in Translocations
 14881 | Lair:2   | Found a hole to the Spider Nest.
 15012 | Lair:2   | Reached skill level 5 in Fighting
 15071 | Lair:2   | Learned a level 3 spell: Teleport Other
 15504 | Lair:2   | You fall into a shaft and drop 2 floors!
 15970 | Lair:2   | Found the +7 staff of the Meek {protect, meekguard}
 16492 | Lair:3   | Reached skill level 10 in Fighting
 16887 | Lair:3   | Found a staircase to the Shoals.
 17308 | Lair:4   | Reached XP level 14. HP: 95/149 MP: 20/23
 17415 | Lair:4   | Reached skill level 1 in Armour
 17575 | Lair:4   | Found a staircase to the Slime Pits.
 17575 | Lair:4   | Found a viscous altar of Jiyva.
 17861 | Lair:5   | Entered Level 5 of the Lair of Beasts
 18254 | D:13     | Noticed Kirke
 18260 | D:13     | Reached skill level 5 in Armour
 18923 | D:12     | Killed Kirke
 19313 | D:14     | Noticed Nessos
 19319 | D:14     | Nessos changed into Nessos the guardian serpent
 19319 | D:14     | Noticed Nessos
 19328 | D:14     | Killed Nessos the guardian serpent
 20174 | Lair:5   | Identified the +8 falchion of the Lamprey {venom, +Blink
                  | Dex+2}
 20357 | Lair:5   | Reached skill level 10 in Armour
 20431 | Lair:4   | Reached XP level 15. HP: 65/156 MP: 22/24
 21187 | Lair:5   | Got the Tome of the Inquisitive Tables
 21193 | Lair:5   | Identified the +7 trident "Kefadwedwa" {freeze, rF+ Int+3}
 21960 | Orc:1    | Entered Level 1 of the Orcish Mines
 22016 | Orc:1    | You fall into a shaft and drop 1 floor!
 22016 | Orc:2    | Entered Level 2 of the Orcish Mines
 22029 | Orc:2    | Noticed Maurice
 22079 | Orc:1    | Reached skill level 1 in Evocations
 22475 | Orc:1    | Found Dirchax's Weapon Emporium.
 22563 | Orc:2    | Maurice stole a ring of see invisible
 22567 | Orc:2    | Killed Maurice
 22644 | Orc:2    | Found a staircase to the Elven Halls.
 24786 | Orc:2    | Reached skill level 5 in Evocations
 24786 | Orc:2    | Found Azesaesch's Book Boutique.
 24786 | Orc:2    | Found Qowedunecw's Book Emporium.
 24788 | Orc:2    | Found Esoet's General Store.
 24788 | Orc:2    | Found Femnotaw's Assorted Antiques.
 24814 | Orc:2    | Bought 2 potions of curing for 174 gold pieces
 24814 | Orc:2    | Bought a potion of heal wounds for 145 gold pieces
 24816 | Orc:2    | Bought a book of Hexes for 468 gold pieces
 24816 | Orc:2    | Bought a book of Chaos for 650 gold pieces
 24824 | Orc:2    | Learned a level 7 spell: Enfeeble
 25294 | D:14     | Reached skill level 1 in Hexes
 25324 | D:14     | Learned a level 2 spell: Jinxbite
 25599 | D:14     | Reached skill level 19 in Maces & Flails
 25677 | D:14     | Identified the +3 plate armour "Xoehob" {Int+2}
 25843 | D:14     | Found a gate to the Vaults.
 25866 | D:14     | Reached XP level 16. HP: 121/165 MP: 21/26
 26466 | D:9      | Killed Sirjeffry24's ghost
 26475 | D:9      | Identified the ring of the Original Sin {Int+5 SInv}
 26643 | D:15     | Entered Level 15 of the Dungeon
 26973 | D:14     | Learned a level 4 spell: Anguish
 27749 | D:15     | Reached skill level 20 in Maces & Flails
 28012 | D:15     | Found a staircase to the Depths.
 28327 | Spider:1 | Entered Level 1 of the Spider Nest
 28340 | Lair:2   | Reached skill level 5 in Hexes
 29222 | Spider:1 | Noticed Nikola
 29273 | Lair:2   | Gained mutation: You occasionally shout uncontrollably at
                  | your foes. [potion of mutation]
 29273 | Lair:2   | Gained mutation: You are agile. (Dex +4, Str/Int -1)
                  | [potion of mutation]
 29274 | Lair:2   | Lost mutation: You occasionally shout uncontrollably at
                  | your foes. [potion of mutation]
 29274 | Lair:2   | Lost mutation: You are agile. (Dex +4, Str/Int -1) [potion
                  | of mutation]
 29274 | Lair:2   | Gained mutation: Your muscles are strong. (Str +4, Int/Dex
                  | -1) [potion of mutation]
 29274 | Lair:2   | Gained mutation: You have a pair of horns on your head.
                  | [potion of mutation]
 29290 | Spider:1 | Killed Nikola
 29417 | Spider:1 | Identified the +2 rapier "Poxechipn" {venom, Int+3}
 29587 | Spider:1 | You fall into a shaft and drop 1 floor!
 29591 | Spider:2 | Noticed Louise
 29619 | Spider:2 | Killed Louise
 30157 | Spider:2 | Reached XP level 17. HP: 171/172 MP: 21/29
 30780 | Spider:2 | Learned a level 4 spell: Cause Fear
 30821 | Spider:2 | Reached skill level 21 in Maces & Flails
 30922 | Spider:2 | Noticed Agnes
 30940 | Spider:2 | Killed Agnes
 31590 | Spider:3 | Noticed Azrael
 31595 | Spider:3 | Killed Azrael
 32295 | Spider:3 | Noticed Arachne
 32582 | Spider:3 | Killed Arachne
 33220 | Spider:3 | Identified the +9 spear "Zujalezo" {freeze, rF+}
 33881 | D:10     | Identified the ring "Wucykean" {Fly rC+}
 34161 | Orc:2    | Bought 3 scrolls of revelation for 652 gold pieces
 34161 | Orc:2    | Bought a scroll of teleportation for 87 gold pieces
 34394 | Spider:4 | Entered Level 4 of the Spider Nest
 35139 | Spider:4 | Noticed Mlioglotl
 35143 | Spider:4 | Noticed a tentacled starspawn
 35146 | Spider:4 | Killed Mlioglotl
 35147 | Spider:4 | Reached skill level 22 in Maces & Flails
 36551 | Spider:4 | Reached skill level 10 in Hexes
 36926 | Spider:4 | Reached XP level 18. HP: 117/182 MP: 14/30
 37376 | Spider:4 | Got a gossamer rune of Zot
 37821 | Shoals:1 | Entered Level 1 of the Shoals
 41751 | Shoals:3 | Acquired 503 gold pieces
 42385 | Shoals:4 | Entered Level 4 of the Shoals
 43185 | Shoals:4 | Got a barnacled rune of Zot
 43316 | Shoals:4 | Identified the +3 ring mail "Vuos" {rPois Int+2}
 43901 | Shoals:4 | Identified the +0 war axe of Royalism {freeze, rF++ Str+3}
 44250 | Shoals:4 | Identified the amulet of Qatiogaagh {Reflect rElec Int+4
                  | SH+5 Stlth-}
 44911 | Vaults:1 | Entered Level 1 of the Vaults
 44950 | Vaults:1 | Reached XP level 19. HP: 144/161 MP: 18/31
 44985 | Vaults:1 | Paralysed by a sphinx for 3 turns
 45319 | D:14     | Reached skill level 15 in Hexes
 46310 | Vaults:1 | Learned a level 8 spell: Discord
 46371 | Vaults:1 | Found Muis's Jewellery Shoppe.
 47639 | Vaults:1 | Reached skill level 10 in Spellcasting
 48216 | Vaults:2 | Learned a level 3 spell: Swiftness
 48353 | Vaults:2 | Reached skill level 1 in Air Magic
 50368 | Vaults:2 | Reached XP level 20. HP: 195/198 MP: 31/36
 50871 | Vaults:2 | Found a staircase to the Crypt.
 52613 | Vaults:3 | Acquired a book of the Senses
 52621 | Vaults:3 | Learned a level 5 spell: Metabolic Englaciation
 53756 | Vaults:4 | Noticed Sojobo
 54408 | Vaults:4 | Found a magical portal.
 54425 | WizLab   | Entered The Hall of the Hellbinder
 54610 | WizLab   | Noticed a dread lich
 55781 | Vaults:4 | Noticed Margery
 55781 | Vaults:4 | Noticed a hellephant
 56347 | Vaults:4 | Killed a hellephant
 56363 | Vaults:4 | Killed Margery
 57259 | Depths:1 | Entered Level 1 of the Depths
 57466 | Depths:1 | Found Ujacw's Demolitions Depot.
 57472 | Depths:1 | Found a white marble altar of Elyvilon.
 58181 | Depths:1 | Reached XP level 21. HP: 189/206 MP: 21/37
 58941 | Depths:1 | Found a gateway to Hell.
 59224 | Depths:2 | Identified the serpent talisman "Qunoazxua" {Dex+5 Stlth-}
 59224 | Depths:2 | Noticed Aizul
 60336 | Depths:2 | Gained mutation: You sometimes lose your temper in combat.
                  | [a shining eye]
 60410 | Depths:2 | Lost mutation: Your muscles are strong. (Str +4, Int/Dex
                  | -1) [potion of mutation]
 60410 | Depths:2 | Lost mutation: You sometimes lose your temper in combat.
                  | [potion of mutation]
 60410 | Depths:2 | Gained mutation: You are covered in fur. (AC +1) [potion of
                  | mutation]
 60410 | Depths:2 | Gained mutation: Your mind is acute. (Int +4, Str/Dex -1)
                  | [potion of mutation]
 60540 | Depths:2 | Found a one-way gate leading to the halls of Pandemonium.
 60877 | Depths:2 | Found a glowing golden altar of the Shining One.
 61571 | Depths:2 | Found a viscous altar of Jiyva.
 61662 | Depths:2 | Killed Aizul
 62123 | Depths:2 | Found a transporter.
 62125 | Depths:2 | Found a transporter.
 62629 | Depths:3 | Found a one-way gateway to a ziggurat.
 63786 | Depths:3 | Noticed a golden dragon
 64628 | Depths:3 | Noticed Boris
 64811 | Depths:3 | Killed Boris
 64870 | Depths:3 | Learned a level 5 spell: Yara's Violent Unravelling
 65013 | Depths:3 | Noticed Norris
 65126 | Depths:3 | Killed Norris
 65285 | Depths:3 | Reached skill level 15 in Fighting
 65365 | Depths:3 | Found the +2 hat of the Bear Spirit {Spirit, Bear, *Rage
                  | Will++}
 65505 | Depths:3 | Found a one-way gate to the infinite horrors of the Abyss.
 65511 | Depths:3 | Reached XP level 22. HP: 227/227 MP: 38/38
 65844 | Depths:3 | Found the +8 trishula "Condemnation" {holy, anguish, *Noise
                  | Fly rN+}
 65930 | Depths:3 | Noticed Vv
 65946 | Depths:3 | Killed Vv
 66248 | Depths:3 | Found a portal to a secret trove of treasure.
 66917 | Depths:4 | Entered Level 4 of the Depths
 67387 | Depths:4 | Noticed Boris
 67398 | Depths:4 | Killed Boris
 67543 | Depths:4 | Found a flickering gateway to a bazaar.
 67548 | Bazaar   | Entered a bazaar
 67679 | Bazaar   | Found Rookaron's Book Shoppe.
 67695 | Bazaar   | Found Atziunt's Antique Armour Shoppe.
 67700 | Bazaar   | Bought a hat for 108 gold pieces
 67711 | Bazaar   | Found Hosh's Distillery.
 67727 | Bazaar   | Found Joxyagot's Weapon Shoppe.
 67787 | Bazaar   | Bought a potion of curing for 42 gold pieces
 67787 | Bazaar   | Bought a potion of haste for 140 gold pieces
 67787 | Bazaar   | Bought a potion of curing for 42 gold pieces
 67787 | Bazaar   | Bought 2 potions of brilliance for 112 gold pieces
 67787 | Bazaar   | Bought a potion of curing for 42 gold pieces
 67787 | Bazaar   | Bought a potion of brilliance for 56 gold pieces
 67787 | Bazaar   | Bought a potion of mutation for 112 gold pieces
 68349 | Depths:4 | Noticed a caustic shrike
 68349 | Depths:4 | Noticed a caustic shrike
 68349 | Depths:4 | Noticed a caustic shrike
 68349 | Depths:4 | Noticed a caustic shrike
 69757 | Depths:4 | Reached skill level 15 in Armour
 69844 | Depths:4 | Noticed a golden dragon
 69854 | Depths:4 | Killed a golden dragon
 70993 | Depths:4 | Found a gate to the Realm of Zot.
 71330 | Vaults:5 | Entered Level 5 of the Vaults
 71332 | Vaults:5 | Noticed an ancient lich
 71340 | Vaults:5 | Noticed a dread lich
 71343 | Vaults:5 | Gained mutation: You sometimes lose your temper in combat.
                  | [you]
 71343 | Vaults:5 | Noticed a golden dragon
 71349 | Vaults:4 | Killed an ancient lich
 71590 | Vaults:4 | Lost mutation: Your mind is acute. (Int +4, Str/Dex -1)
                  | [potion of mutation]
 71590 | Vaults:4 | Lost mutation: You are covered in fur. (AC +1) [potion of
                  | mutation]
 71590 | Vaults:4 | Lost mutation: You sometimes lose your temper in combat.
                  | [potion of mutation]
 71590 | Vaults:4 | Gained mutation: Your system is resistant to poisons.
                  | (rPois) [potion of mutation]
 71590 | Vaults:4 | Gained mutation: You do not regenerate when monsters are
                  | visible. [potion of mutation]
 71590 | Vaults:4 | Gained mutation: Your mind is acute. (Int +4, Str/Dex -1)
                  | [potion of mutation]
 71591 | Vaults:4 | Lost mutation: Your mind is acute. (Int +4, Str/Dex -1)
                  | [potion of mutation]
 71591 | Vaults:4 | Lost mutation: You have a pair of horns on your head.
                  | [potion of mutation]
 71591 | Vaults:4 | Gained mutation: You are somewhat resistant to further
                  | mutation. [potion of mutation]
 71592 | Vaults:4 | Lost mutation: You do not regenerate when monsters are
                  | visible. [potion of mutation]
 71592 | Vaults:4 | Lost mutation: Your system is resistant to poisons. (rPois)
                  | [potion of mutation]
 71592 | Vaults:4 | Lost mutation: You are somewhat resistant to further
                  | mutation. [potion of mutation]
 71592 | Vaults:4 | Gained mutation: Armour fits poorly on your strangely
                  | shaped body. [potion of mutation]
 71592 | Vaults:4 | Gained mutation: You have hidden genetic potential. [potion
                  | of mutation]
 71593 | Vaults:4 | Lost mutation: You have hidden genetic potential. [potion
                  | of mutation]
 71593 | Vaults:4 | Lost mutation: Armour fits poorly on your strangely shaped
                  | body. [potion of mutation]
 71593 | Vaults:4 | Gained mutation: You expend magic power (3 MP) to
                  | strengthen your wands. [potion of mutation]
 71593 | Vaults:4 | Gained mutation: You are robust. (+10% HP) [potion of
                  | mutation]
 71593 | Vaults:4 | Gained mutation: You are very robust. (+20% HP) [potion of
                  | mutation]
 71682 | Vaults:5 | Killed a dread lich
 71684 | Vaults:5 | HP: 16/552 [tengu reaver/bolt of acid (14)]
 71684 | Vaults:5 | Noticed a dread lich
 71685 | Vaults:5 | Slain by a war gargoyle

Illustrated notes

Levels and vault maps discovered:
D:1:      dpeg_arrival_round_b, layout_loops_corners, minmay_misc_feat_x
D:2:      layout_rooms, chequers_serial_rivers_micro_c, fountainhead,
          guppyfry_early_lair_pool
D:3:      layout_rooms, grunt_dithmenos_smoke, fiery_altar_vehumet,
          jmf_multi_god_temple, general_overflow_altar, grunt_ministairs_11,
          minivault_26, mrwooster_statue_mirror
D:4:      layout_loops_ring, chequers_jeans
D:5:      layout_rooms, minmay_temple_entry_statues_pillars
D:6:      layout_gridville, gammafunk_ghost_cemetery, serial_shops, shop,
          roderic_st_hans_cross, grunt_potential, uniq_duvessa, uniq_edmund
D:7:      layout_rooms
D:8:      layout_layer_cave
D:9:      layout_roguey, minitemple, orc_david_3, gammafunk_ghost_hydra_chop
D:10:     layout_rooms, kennysheep_mini_moat, minmay_lindwurm_lava, uniq_snorg
D:11:     layout_loops_cross, minmay_lair_entry_grove, portal_ice_cave_rime
D:12:     layout_loops_ring, uniq_sonja
D:13:     layout_cave_pods, uniq_kirke
D:14:     layout_long_grid, grunt_vaults_entry_tiered, uniq_nessos
D:15:     hellmonk_depths_entry_around_the_bend, layout_loops_ring,
          chequers_serial_rivers_micro_c
Lair:1:   statuecave_lemuel, layout_cave_pods, chequers_serial_rivers_micro_c,
          wad_woods_road_05
Lair:2:   layout_cave_shapes, dummy_spider_entry, nzn_random_ring
Lair:3:   beast_lair_carwin_large_2, layout_hall_layers,
          elwin_shoals_entry_rooms
Lair:4:   layout_gridlike, minmay_slime_entry_pillars
Lair:5:   gammafunk_lair_ancient_temple, layout_cellular_growth,
          serial_bayou_shore_b, grunt_megastairs_3
Shoals:1: layout_shoals
Shoals:2: layout_shoals, nicolae_shoals_square_sea_wall
Shoals:3: layout_shoals
Shoals:4: shoals_end_simple, layout_shoals
Spider:1: layout_spider_delve, uniq_nikola
Spider:2: layout_spider_delve, uniq_agnes, uniq_louise
Spider:3: layout_spider_delve, nicolae_spider_webs_and_nodes, uniq_arachne,
          uniq_azrael
Spider:4: spider_rune_water, uniq_mlioglotl
Orc:1:    layout_diamond_mine, serial_shops, nicolae_shop_back_alley_shop
Orc:2:    grunt_orc_tribal_feast, layout_caves, special_room, basic_altar,
          uniq_maurice
Vaults:1: nicolae_vaults_display_case, nicolae_vaults_door_testing_chamber,
          vaults_standard_mumra_enter_the_diamond, v_misc_12,
          nicolae_vaults_double_plus_1, v_misc_3,
          nicolae_vaults_network_quinsquares
          [nicolae_vaults_network_quincunx_subvault,
          nicolae_vaults_network_quincunx_subvault,
          nicolae_vaults_network_quincunx_subvault,
          nicolae_vaults_network_quincunx_subvault], nicolae_vaults_diamond_1,
          ontoclasm_vaults_ligature, grunt_vaults_funnel,
          nicolae_vaults_diamond_1, layout_vaults_ring, serial_shops,
          nicolae_shop_gaudy_bauble
Vaults:2: vaults_room_corners, nicolae_vaults_network_quincunx
          [nicolae_vaults_network_quincunx_subvault,
          nicolae_vaults_network_quincunx_subvault,
          nicolae_vaults_network_quincunx_subvault,
          nicolae_vaults_network_quincunx_subvault,
          nicolae_vaults_network_quincunx_subvault], v_rooms_2,
          hangedman_vaults_corner_blocks, vaults_mumra_hex, vaults_room_pool,
          vaults_standard_mumra_lines, minmay_crypt_entry_simple_sparse,
          vaults_room_boxed, nicolae_vaults_little_squares_3,
          nicolae_vaults_asterisk, layout_vaults_omnicross
Vaults:3: nicolae_vaults_mini_display_case, vaults_room_grid,
          nicolae_vaults_cochlea, nicolae_vaults_twisting_passages, v_rooms_4,
          vaults_room_semicircle, layout_vaults_omnigrid
Vaults:4: infiniplex_enter_wizlab_glasses, nicolae_vaults_house_2, v_misc_22,
          nicolae_vaults_offset_grid_hallway_2, nicolae_vaults_tetromino_Z_2,
          v_misc_3, nicolae_vaults_sealed_display, v_misc_16,
          nicolae_vaults_security_offices_4, ontoclasm_vaults_decontamination,
          nicolae_vaults_rhombus_5, nicolae_vaults_little_squares_3,
          vaults_room_corners, ontoclasm_vaults_gateway,
          layout_vaults_maze_bifur, uniq_margery, uniq_sojobo
Vaults:5
Depths:1: layout_roguey, hangedman_tar_grid_catacomb, kennysheep_crisscross,
          nicolae_blasting_shop, elyvilon_altar_5
Depths:2: gammafunk_jiyva_shrine, layout_basic, nicolae_tso_carved_into_rock,
          nicolae_hell_entry_hellmouth_sunbeams, pan_entry, uniq_aizul
Depths:3: minmay_the_grid_triangle_9x9_rhombus_thin_mashed
          [minmay_the_grid_triangle_9x9_sparse_checkered,
          minmay_the_grid_triangle_9x9_prize_top_heavy,
          minmay_the_grid_triangle_9x9_skeleton,
          minmay_the_grid_triangle_9x9_checkered], layout_honeycomb,
          enter_ziggurat_d, hangedman_geh_valley, abyss_entry, enter_trove_0,
          infiniplex_staircase_spiral, kennysheep_random_hallway, uniq_vv,
          uniq_norris, uniq_boris
Depths:4: grunt_zot_entry_gee_three, layout_gridlike, serial_shops,
          bzr_entry_gold, rand_demon_pan_entry_5, hell_entry

Skill      XL: |  1  2  3  4  5  6  7  8  9 10 11 12 13 14 15 16 17 18 19 20 21 22 |
---------------+-------------------------------------------------------------------+-----
Fire Magic     | 3 |  3.0
Spellcasting   | 2 3 6 8 12 | 12.9
Maces & Flails | 4 5 7 8 11 13 14 15 18 19 20 22 | 22.0
Ice Magic      | 6 7 |  7.0
Necromancy     | 4 |  4.0
Translocations | 3 7 |  7.0
Fighting       | 12 15 16 | 16.0
Armour         | 10 11 12 16 | 16.0
Evocations     | 5 |  5.0
Hexes          | 2 6 10 14 16 19 20 | 20.0
Air Magic      | 4 |  4.0

Action                     |  1- 3 |  4- 6 |  7- 9 | 10-12 | 13-15 | 16-18 | 19-21 | 22-24 || total
---------------------------+-------+-------+-------+-------+-------+-------+-------+-------++-------
  Melee: Mace              |    45 |    19 |       |       |       |       |       |       ||    64
         Headbutt          |     4 |     9 |    27 |   136 |   292 |   158 |    86 |    27 ||   739
         Flail             |       |    50 |   158 |   384 |       |       |       |       ||   592
         Punch             |       |     1 |     2 |    13 |       |       |       |       ||    16
         Giant club        |       |       |       |   382 |  1673 |   617 |       |       ||  2672
         Giant spiked club |       |       |       |       |       |   867 |  1207 |   320 ||  2394
         Quarterstaff      |       |       |       |       |       |   176 |     4 |       ||   180
   Cast: Scorch            |    31 |    56 |    83 |    57 |     5 |       |       |       ||   232
         Ozocubu's Armour  |       |       |       |    36 |    90 |    75 |    21 |     1 ||   223
         Fugue of the Fall |       |       |       |    10 |    25 |     9 |     5 |     1 ||    50
         Blink             |       |       |       |       |     2 |     3 |     4 |     2 ||    11
         Manifold Assault  |       |       |       |       |    38 |   408 |   506 |   103 ||  1055
         Jinxbite          |       |       |       |       |     2 |     3 |       |       ||     5
         Anguish           |       |       |       |       |       |     3 |       |       ||     3
         Cause Fear        |       |       |       |       |       |     3 |       |     3 ||     6
         Enfeeble          |       |       |       |       |       |     8 |    19 |    20 ||    47
         Discord           |       |       |       |       |       |       |     3 |     1 ||     4
         Swiftness         |       |       |       |       |       |       |     6 |     2 ||     8
         Metabolic Englaci |       |       |       |       |       |       |     6 |     2 ||     8
         Yara's Violent Un |       |       |       |       |       |       |       |     6 ||     6
 Invoke: Fiery Armour      |       |       |     1 |     2 |       |       |     3 |     1 ||     7
         Rising Flame      |       |       |       |       |     1 |       |       |       ||     1
  Evoke: Wand              |       |       |       |     5 |    13 |     7 |       |       ||    25
         Condenser vane    |       |       |       |       |     1 |     2 |     1 |     1 ||     5
         Phantom mirror    |       |       |       |       |       |       |     1 |       ||     1
    Use: Scroll            |     4 |     8 |     8 |    18 |     6 |     9 |    17 |     3 ||    73
         Potion            |       |       |     1 |     4 |     4 |    11 |     8 |     8 ||    36
   Stab: Invisible         |       |       |       |       |       |     2 |     3 |    11 ||    16
 Armour: Robe              |    33 |   100 |   156 |    88 |       |       |       |       ||   377
         Steam dragon scal |       |       |       |   343 |  1561 |  1384 |   446 |       ||  3734
         Skin              |       |       |       |    39 |    32 |       |       |       ||    71
         Shadow dragon sca |       |       |       |       |       |       |   319 |   321 ||   640
  Dodge: Dodged            |    19 |    66 |    75 |   368 |  1368 |   794 |   354 |   135 ||  3179
  Block: Other             |       |       |       |       |       |       |   133 |    41 ||   174
         Reflection        |       |       |       |       |       |       |    11 |     2 ||    13

Table legend: (Time is in decaauts)
 A = Elapsed time spent in this place.
 B = Non-inter-level travel time spent in this place.
 C = Inter-level travel time spent in this place.
 D = Time resting spent in this place.
 E = Time spent auto-exploring this place.
 F = Levels seen in this place.
 G = Mean time per level.
                   A        B        C        D        E       F      G
               +--------+--------+--------+--------+--------+-----+--------+
         Total |  71000 |  66483 |   4517 |  25937 |  24573 |  42 | 1690.5 |
       Dungeon |  19259 |  17445 |   1814 |   4147 |   9139 |  15 | 1283.9 |
          Lair |   8090 |   7243 |    847 |   1933 |   3411 |   5 | 1618.0 |
        Shoals |   6725 |   6461 |    264 |   2737 |   1899 |   4 | 1681.2 |
   Spider Nest |   7684 |   7194 |    490 |   2957 |   2018 |   4 | 1921.0 |
  Orcish Mines |   2923 |   2745 |    178 |   1192 |    838 |   2 | 1461.5 |
        Vaults |  11890 |  11398 |    492 |   5569 |   3397 |   5 | 2378.0 |
        Depths |  13481 |  13052 |    429 |   6950 |   3793 |   4 | 3370.2 |
        Bazaar |    267 |    267 |      0 |    117 |     78 |   1 |  267.0 |
      Ice Cave |    483 |    483 |      0 |    243 |      0 |   1 |  483.0 |
        Wizlab |    193 |    193 |      0 |     89 |      0 |   1 |  193.0 |
               +--------+--------+--------+--------+--------+-----+--------+

Top non-repeatable levels by time:
Depths:3: 4308 daAuts
Depths:2: 3770 daAuts
Vaults:1: 3667 daAuts
Vaults:3: 3247 daAuts
Depths:4: 3186 daAuts
Spider:4: 3173 daAuts
Vaults:4: 2603 daAuts
    D:14: 2504 daAuts
Spider:3: 2404 daAuts
Vaults:2: 2347 daAuts
Depths:1: 2215 daAuts
  Lair:2: 2026 daAuts
  Lair:4: 1984 daAuts
     D:6: 1950 daAuts
Shoals:1: 1818 daAuts
